 Dungeon Crawl Stone Soup version 0.30-a0-986-g7f2e898f52 (webtiles) character file.

Game seed: 2629268499091600855

64 sanka the Ruffian (level 3, -1/31 HPs)
             Began as an Armataur Transmuter on Apr 1, 2023.
             Slain by a goblin
             ... wielding a +0 club
              (4 damage)
             ... on level 3 of the Dungeon.
             The game lasted 00:03:07 (1971 turns).

sanka the Ruffian (Armataur Transmuter)             Turns: 1971, Time: 00:03:07

Health: -1/31      AC:  5    Str: 21    XL:     3   Next: 91%
Magic:  5/6        EV:  9    Int: 13    God:
Gold:   123        SH:  0    Dex: 12    Spells: 5/6 levels left

rFire   . . .      SeeInvis .      - Unarmed
rCold   . . .      Faith    .    (no shield)
rNeg    + . .      Spirit   .    a - +0 robe
rPois   .          Reflect  .    (helmet currently unavailable)
rElec   .          Roll     +    (no cloak)
rCorr   .                        k - +0 pair of gloves
Will    .....                    (no barding)
Stlth   +                        (no amulet)
HPRegen 0.25/turn                o - +6 ring of strength
MPRegen 0.10/turn                g - ring of positive energy

@: appendages (expiring)
A: horns 2, talons 2, large, rugged brown scales 3, deformed body, armoured
tail, roll, long tongue, awkward tongue
a: End Transformation


You were on level 3 of the Dungeon.
You had temporarily grown beastly horns and talons.
You visited 1 branch of the dungeon, and saw 3 of its levels.

You collected 147 gold pieces.
You spent 24 gold pieces at shops.


Innate Abilities, Weirdness & Mutations

You have temporarily grown beastly horns and talons.
You are completely covered in rugged brown scales. (AC +3, +7% HP)
Armour fits poorly on your strangely shaped body.
You have a long armoured tail.
You roll when moving toward enemies. (Rampage)
Your long tongue fully drains potion bottles. (2x potion effects)
Your tongue gives you trouble enunciating. (1.5x scroll delay)


   Skills:
 + Level 1.9 Fighting
 - Level 1.3 Dodging
 + Level 3.3 Unarmed Combat
 - Level 2.0 Spellcasting
 + Level 2.6 Transmutations


You had 5 spell levels left.
You knew the following spells:

 Your Spells              Type           Power      Damage    Failure   Level
z - Beastly Appendage     Tmut           16%        N/A       9%          1

Your spell library contained the following spells:

 Spells                   Type           Power      Damage    Failure   Level
 Wereblood                Tmut           8%         N/A       13%         2
 Cigotuvi's Dreadful Rot  Necr/Pois/Air  2%         N/A       36%         2
 Spider Form              Tmut/Pois      4%         N/A       41%         3
 Call Canine Familiar     Summ           1%         N/A       58%         3
 Portal Projectile        Hex/Tloc       2%         N/A       58%         3
 Ice Form                 Ice/Tmut       4%         N/A       83%         4
 Dispel Undead            Necr           1%         3d6       94%         4
 Leda's Liquefaction      Hex/Erth       0%         N/A       94%         4
 Death Channel            Necr           0%         N/A       100%        6

Inventory:

Armour
 a - a +0 robe (worn)
 k - a +0 pair of gloves (worn)
Magical Staves
 j - a staff of air
Jewellery
 g - a ring of positive energy (right hand)
 o - a +6 ring of strength (left hand)
Scrolls
 c - 3 scrolls of summoning
 f - 4 scrolls of enchant armour
 h - a scroll of teleportation {unknown}
 l - a scroll of noise {!r}
 n - a scroll of poison {!r}
Potions
 b - 2 potions of lignification {!q}
 d - a potion of magic {unknown}
 e - 2 potions of resistance {unknown}
 i - 2 potions of attraction {unknown}
 m - 2 potions of ambrosia

Dungeon Overview and Level Annotations

Branches:
Dungeon (3/15)

Altars:
Okawaru

Shops:
D:2

? .. ▒...............▒
▒.......▒ ▒ ▒
▒...............▒▒▒▒'▒▒▒▒.▒
▒...................+.......'.▒
..▒▒▒...............▒.▒...▒.▒.▒
..▒ ...........▒.▒._.▒.▒.▒ ...
. .........▒.▒...▒.▒.▒ ... ...
▒.......+.......+.▒ ▒▒▒ .▒..
▒.S....▒▒▒▒'▒▒▒▒▒▒ ▒▒▒▒....
▒▒▒▒.gH........▒ ........
...............▒▒ ......▒.
▒▒.▒▒.........▒▒ ........
▒..........▒ ..▒.....
▒......†.....▒ .▒▒ ....
▒.▒..........▒ ..▒.....
..............▒ ...▒ ▒▒
...▒..........▒ ...▒
.▒▒▒........▒▒


You could see an adder and a goblin.


Message History

You closely miss the adder. The adder barely misses you.
The goblin hits you but does no damage. The adder closely misses you.
Unknown command.
Unknown command.
You miss the adder. You claw the adder. Your headbutt misses the adder.
The adder is moderately wounded.
You feel sick. The adder bites you but does no damage.
The goblin hits you with a +0 club.
* * * LOW HITPOINT WARNING * * *
You hit the adder but do no damage. Your kick misses the adder.
The adder is lightly wounded.
You feel sick.
You are no longer poisoned.
The adder bites you but does no damage. The goblin closely misses you.
You closely miss the adder. You claw the adder!
Your tail-slap misses the adder.
The adder is almost dead.
Your transformation is almost over.
The adder bites you.
* * * LOW HITPOINT WARNING * * *
The goblin hits you with a +0 club.
You die...

Action                     || total
---------------------------++-------
  Melee: Unarmed           ||    90
         Headbutt          ||     8
         Kick              ||     8
         Tailslap          ||     4
         Punch             ||     1
   Cast: Beastly Appendage ||    10
    Use: Scroll            ||     5
   Stab: Sleeping          ||     2
 Armour: Robe              ||    41
  Dodge: Dodged            ||    43

Levels and vault maps discovered:
D:1:      lightli_arrival_isolated_outpost, layout_loops_ring, serial_rivers,
          chequers_serial_rivers_room_a, chequers_serial_rivers_large_b,
          chequers_serial_rivers_small_3, chequers_serial_rivers_small_b,
          chequers_serial_rivers_micro_e, hangedman_glass_teeth
D:2:      layout_basic, serial_shops, nicolae_shop_statue_plus
D:3:      layout_rooms, mainiacjoe_overflow_six_doors_small

Notes
Turn   | Place    | Note
-------+----------+-------------------------------------------
     0 | D:1      | sanka the Armataur Transmuter began the quest for the Orb.
     0 | D:1      | Reached XP level 1. HP: 16/16 MP: 3/3
   178 | D:1      | Reached skill level 2 in Spellcasting
   252 | D:1      | Reached skill level 1 in Fighting
   252 | D:1      | Reached skill level 2 in Transmutations
   252 | D:1      | Reached XP level 2. HP: 24/24 MP: 3/5
  1041 | D:2      | Reached skill level 3 in Unarmed Combat
  1103 | D:2      | Found Horow's Magic Scroll Shop.
  1140 | D:2      | Bought a scroll of identify for 24 gold pieces
  1452 | D:2      | Reached XP level 3. HP: 29/29 MP: 4/6
  1940 | D:3      | Found an iron altar of Okawaru.
  1971 | D:3      | HP: 3/31 [adder (1)]
  1971 | D:3      | Slain by a goblin

Vanquished Creatures
  3 adders
  A gnoll (D:1)
  A worm (D:2)
  An orc (D:3)
  3 bats
  A giant cockroach (D:2)
  2 goblins
  3 hobgoblins
  5 ball pythons
  2 frilled lizards
  5 kobolds
  A rat (D:2)
28 creatures vanquished.
